 Dungeon Crawl Stone Soup version 0.23.2-40-g277498a001 (webtiles) character file.

Game seed: 12947575935563036538

20335 H0rd4k the Cruncher (level 13, -9/98 HPs)
             Began as a Human Artificer on Oct 21, 2019.
             Was an Initiate of Gozag.
             Mangled by a two-headed ogre
             ... wielding a +0 giant club
              (13 damage)
             ... on level 12 of the Dungeon.
             The game lasted 00:49:25 (22187 turns).

H0rd4k the Cruncher (Human Artificer)              Turns: 22187, Time: 00:49:28

Health: -9/98      AC:  9    Str: 27    XL:     13   Next: 11%
Magic:  21/21      EV: 15    Int: 15    God:    Gozag
Gold:   2764       SH:  0    Dex: 13    Spells: 16/22 levels left

rFire    + . .     SeeInvis +   p - +9 quarterstaff of Dawn {holy, Str+3 Int+3}
rCold    + . .     Gourm    .   (shield currently unavailable)
rNeg     + + .     Faith    .   l - +2 ring mail of Uskayaw's Generosity {Str+6 Slay+2 SInv}
rPois    .         Spirit   .   C - +0 helmet of Grot {rC+ rN+ MR+}
rElec    .         Reflect  .   H - scarf {cloud immunity}
rCorr    .         Harm     .   (no gloves)
MR       +....                  (no boots)
Stlth    ++........             (no amulet)
HPRegen  0.26/turn              s - ring of protection from fire
MPRegen  0.17/turn              b - ring of positive energy

@: studying Armour
A: no striking features
a: Potion Petition, Call Merchant, Bribe Branch, Renounce Religion


You were on level 12 of the Dungeon.
You worshipped Gozag.
Gozag was most pleased with you.
You were hungry.

You visited 1 branch of the dungeon, and saw 12 of its levels.
You also visited: Sewer and Bailey.

You collected 3227 gold pieces.
You spent 418 gold pieces at shops.
You paid 45 gold pieces to Gozag.

Inventory:

Hand Weapons
 o - a +3 dagger of venom
 p - the +9 quarterstaff of Dawn (weapon) {holy, Str+3 Int+3}
   (You bought it in a shop on level 10 of the Dungeon)

   It has been blessed by the Shining One to cause great damage to the undead
   and demons.
   It affects your strength (+3).
   It affects your intelligence (+3).
 w - a +1 short sword of speed
 K - a +5 dagger of protection
 L - a +2 rapier of freezing
 N - the +6 trident of Jiomepn {chaos, +Fly rElec Dex-3}
   (You found it in a bailey)

   Each time it hits an enemy it has a different, random effect.
   It affects your dexterity (-3).
   It insulates you from electricity.
   It lets you fly.
Missiles
 y - 8 poisoned javelins (quivered)
Armour
 l - the +2 ring mail of Uskayaw's Generosity (worn) {Str+6 Slay+2 SInv}
   (You took it off an orc on level 9 of the Dungeon)

   It affects your strength (+6).
   It affects your accuracy and damage with ranged weapons and melee attacks
   (+2).
   It lets you see invisible.
 A - the +1 robe of Zeduc {Int+3 Dex+4, unknown}
   (You found it on level 11 of the Dungeon)

   It affects your intelligence (+3).
   It affects your dexterity (+4).
 C - the +0 helmet of Grot (worn) {rC+ rN+ MR+}
   (You took it off Robin on level 4 of the Dungeon)

   It protects you from cold.
   It protects you from negative energy.
   It affects your resistance to hostile enchantments.
 G - the +1 robe of Articulation {+Blink rC+ rCorr}
   (You found it on level 8 of the Dungeon)

   It protects you from cold.
   It lets you blink.
   It provides partial protection from all sources of acid and corrosion.
 H - a scarf of cloud immunity (worn)
Jewellery
 b - a ring of positive energy (right hand)
 s - a ring of protection from fire (left hand)
 O - an uncursed ring of resist corrosion {unknown}
Wands
 c - a wand of flame (32)
 d - a wand of enslavement (8)
 e - a wand of polymorph (13)
 x - a wand of disintegration (21)
Scrolls
 a - 3 scrolls of identify
 g - 6 scrolls of fog
 h - 3 scrolls of remove curse
 j - 4 scrolls of fear
 k - 3 scrolls of immolation
 m - 3 scrolls of magic mapping
 n - 8 scrolls of teleportation
 q - 3 scrolls of blinking
 I - a scroll of noise
 J - 2 scrolls of amnesia
Potions
 i - 3 potions of brilliance
 r - 5 potions of agility
 t - 2 potions of invisibility
 u - a potion of magic
 v - 2 potions of lignification
 z - 2 potions of degeneration
 B - 3 potions of curing
 D - a potion of heal wounds
 E - a potion of ambrosia
 F - a potion of resistance
Books
 M - a manual of Armour
Comestibles
 f - 19 rations


   Skills:
 + Level 7.8 Fighting
 + Level 8.5 Short Blades
 * Level 9.8 Staves
 + Level 6.9 Armour
 + Level 8.0 Dodging
 + Level 5.5 Stealth
 + Level 5.3 Spellcasting
 + Level 4.3 Conjurations
 + Level 2.2 Translocations
 + Level 2.0 Fire Magic
 + Level 5.0 Evocations


You had 16 spell levels left.
You knew the following spells:

 Your Spells              Type           Power        Failure   Level  Hunger
a - Conjure Flame         Conj/Fire      ##......     19%         3    ###....
b - Gell's Gravitas       Tloc           ##........   26%         3    ###....

Your spell library contained the following spells:

 Spells                   Type           Power        Failure   Level  Hunger
 Flame Tongue             Conj/Fire      ##...        6%          1    None
 Confusing Touch          Hex            #.....       22%         1    None
 Confuse                  Hex            #.......     54%         3    ###....
 Petrify                  Tmut/Erth      #.......     91%         4    ####...
 Metabolic Englaciation   Hex/Ice        #.........   99%         5    ######.
 Yara's Violent Unravell  Hex/Tmut       #.........   99%         5    ######.
 Statue Form              Tmut/Erth      #........    100%        6    #######


Dungeon Overview and Level Annotations

Branches:
Dungeon (12/15)            Temple (0/1) D:5            Lair (0/6) D:11
    Orc (0/2) D:10

Altars:
Ashenzari
Fedhas
Gozag
Makhleb
Nemelex Xobeh
Ru
Sif Muna
Xom
Yredelemnul
Zin

Shops:
D:4 [   D:6 [   D:10 (**?}

Annotations:
D:9 exclusion: upstairs
D:11 2 transporters, Pocketmage's ghost, journeyman GnSu
D:12 exclusions: death knight and hydra


Message History

You barely miss the two-headed ogre.
The two-headed ogre is heavily wounded.
You sock the two-headed ogre!
The two-headed ogre is severely wounded.
The two-headed ogre closely misses you.
The two-headed ogre hits you with a +0 giant club!!
You barely miss the two-headed ogre.
The two-headed ogre is severely wounded.
You thump the two-headed ogre!
The two-headed ogre is almost dead.
The two-headed ogre hits you with a +0 giant club!!
The two-headed ogre hits you with a +0 giant club!
* * * LOW HITPOINT WARNING * * *
You hit the two-headed ogre but do no damage.
The two-headed ogre is almost dead.
The two-headed ogre hits you with a +0 giant club!!
* * * LOW HITPOINT WARNING * * *
The two-headed ogre hits you with a +0 giant club!
You die...
Your body crumbles into a pile of gold.

##### ### #...######....
#.............
#............#
#............#
..D###########............#
.........................#
...........O@...........#
#...........#####.......#
#........... #.......#
#....#####..#...#.#######
#....+ #..#...#.# #....#
#..#...#.# #....#
#..#...#.# #....#
#..#...#.# ####....#
#..+...#.#


You could see a two-headed ogre.

Vanquished Creatures
  A hydra (D:8)
  A centaur warrior (D:10)
  A two-headed ogre (D:10)
  An unseen horror (D:11)
  An orc knight (Bailey)
  An orc sorcerer (Bailey)
  A cyclops (D:12)
  An ugly thing (D:11)
  Joseph (D:7)
  A centaur zombie (D:11)
  A kobold demonologist (Bailey)
  4 trolls
  18 yaks
  A hippogriff (D:11)
  3 wraiths (D:10)
  3 wyverns
  A vampire (D:12)
  A soldier ant (D:12)
  A porcupine (D:11)
  6 black bears
  3 phantoms
  18 ice beasts
  A sky beast (D:7)
  Purgy (Sewer)
  20 orc warriors
  A necrophage (D:9)
  5 ogres
  An eye of draining (D:10)
  8 centaurs
  6 big kobolds
  A crocodile (D:12)
  9 bullfrogs
  2 wyvern zombies
  Blork the orc (D:6)
  A wyvern skeleton (D:11)
  2 scorpions
  A water moccasin skeleton (D:7)
  4 killer bees (D:12)
  3 wights (D:7)
  4 electric eels (Bailey)
  2 howler monkeys
  2 crimson imps
  A bullfrog zombie (D:6)
  A gnoll shaman (D:4)
  11 hounds
  4 jellies
  5 orc priests
  4 centaur skeletons
  8 orc wizards
  5 bullfrog skeletons
  Ijyb (D:3)
  Terence (D:3)
  5 iguanas
  Natasha (thrice) (D:4 D:3)
  10 worker ants
  2 killer bee zombies
  4 hound zombies
  Robin (D:4)
  2 worker ant zombies
  15 adders
  18 gnolls
  A howler monkey skeleton (D:10)
  2 shadow imps
  2 oozes
  An adder zombie (D:5)
  2 adder skeletons
  2 worms
  2 dart slugs (D:1)
  4 leopard geckos
  48 orcs
  A ball python (D:5)
  6 bats
  3 giant cockroaches
  26 goblins
  18 hobgoblins
  5 jackals
  7 quokkas
  8 frilled lizards
  A giant cockroach zombie (D:6)
  38 kobolds
  A leopard gecko skeleton (D:8)
  A quokka skeleton (D:4)
  3 rats
428 creatures vanquished.

Vanquished Creatures (collateral kills)
  2 dream sheep (D:8)
  A big kobold (D:8)
  A wight (D:7)
  An orc priest (D:7)
  A leopard gecko (D:5)
  2 orcs (D:7)
8 creatures vanquished.

Vanquished Creatures (others)
  A yak (D:8)
  An ogre (D:5)
  A big kobold (D:8)
  2 worker ants (D:5)
  An adder (D:5)
6 creatures vanquished.

Grand Total: 442 creatures vanquished

Notes
Turn   | Place    | Note
-------+----------+-------------------------------------------
     0 | D:1      | H0rd4k the Human Artificer began the quest for the Orb.
     0 | D:1      | Reached XP level 1. HP: 15/15 MP: 3/3
   485 | D:1      | Reached XP level 2. HP: 3/21 MP: 4/4
  1076 | D:1      | Reached XP level 3. HP: 21/26 MP: 5/5
  1326 | D:1      | Found a sparkling altar of Nemelex Xobeh.
  1548 | D:2      | Reached skill level 1 in Armour
  1564 | D:2      | Noticed an ogre
  1576 | D:2      | Killed an ogre
  1576 | D:2      | Reached XP level 4. HP: 17/32 MP: 6/6
  1576 | D:2      | Reached XP level 5. HP: 20/37 MP: 7/7
  1913 | D:2      | Noticed an angel
  1914 | D:2      | Found a glowing silver altar of Zin.
  2520 | D:3      | Noticed Ijyb
  2554 | D:3      | Killed Ijyb
  2554 | D:3      | Reached XP level 6. HP: 35/44 MP: 8/8
  2846 | D:3      | Noticed Terence
  2964 | D:3      | Found a faded altar of an unknown god.
  3149 | D:3      | Killed Terence
  3406 | D:3      | Found a deep blue altar of Sif Muna.
  3689 | D:4      | Reached XP level 7. HP: 46/51 MP: 9/9
  3860 | D:4      | Noticed Natasha
  3865 | D:4      | Killed Natasha
  3898 | D:4      | Found a glowing drain.
  3923 | D:4      | Noticed Natasha
  3924 | Sewer    | Entered a sewer
  3940 | Sewer    | Identified the Incunabulum of Mutagenic Heat
  4051 | Sewer    | Noticed Purgy
  4104 | Sewer    | Killed Purgy
  4189 | D:4      | Found Emmafom's Armour Shoppe.
  4267 | D:4      | Identified the +0 helmet of Grot {rC+ rN+ MR+}
  4267 | D:4      | Noticed Robin
  4490 | D:4      | Killed Robin
  4612 | D:4      | Killed Natasha
  4711 | D:4      | Noticed Natasha
  5011 | D:3      | Killed Natasha
  5389 | D:4      | Reached XP level 8. HP: 51/57 MP: 10/10
  5842 | D:5      | Entered Level 5 of the Dungeon
  6174 | D:5      | Found a basalt altar of Yredelemnul.
  6196 | D:5      | Found a shimmering altar of Xom.
  6232 | D:5      | Reached skill level 5 in Short Blades
  6478 | D:5      | Found a sacrificial altar of Ru.
  6482 | D:5      | Found a staircase to the Ecumenical Temple.
  6900 | D:6      | Learned a level 3 spell: Conjure Flame
  6904 | D:6      | Learned a level 3 spell: Gell's Gravitas
  7196 | D:6      | Found an opulent altar of Gozag.
  7204 | D:6      | Became a worshipper of Gozag Ym Sagoz the Greedy
  7256 | D:6      | Noticed Blork the orc
  7319 | D:6      | Reached skill level 1 in Spellcasting
  7414 | D:6      | Reached XP level 9. HP: 53/65 MP: 12/12
  7464 | D:6      | Reached skill level 5 in Dodging
  7897 | D:6      | Found Wuexuosu's Armour Emporium.
  7906 | D:6      | Bought a scarf of cloud immunity for 91 gold pieces
  9153 | D:7      | Reached skill level 1 in Translocations
  9153 | D:7      | Reached skill level 1 in Fire Magic
  9838 | D:7      | Noticed Joseph
 10243 | D:7      | Reached skill level 5 in Fighting
 10475 | D:7      | Reached XP level 10. HP: 27/74 MP: 14/14
 11083 | D:8      | Found a shattered altar of Ashenzari.
 11478 | D:8      | Found a burning altar of Makhleb.
 11587 | D:8      | Reached skill level 1 in Conjurations
 12350 | D:8      | Noticed a two-headed hydra
 13471 | D:9      | Identified the +2 ring mail of Uskayaw's Generosity {Str+6
                  | Slay+2 SInv}
 14334 | D:9      | Reached XP level 11. HP: 36/80 MP: 17/17
 14699 | D:6      | Killed Blork the orc
 15140 | D:7      | Killed Joseph
 15727 | D:8      | Killed a two-headed hydra
 15727 | D:8      | Reached skill level 5 in Spellcasting
 15927 | D:8      | Found a burning altar of Makhleb.
 16006 | D:8      | Got a faintly humming robe
 16018 | D:8      | Identified the +1 robe of Articulation {+Blink rC+ rCorr}
                  | (You found it on level 8 of the Dungeon)
 16077 | D:10     | Entered Level 10 of the Dungeon
 16081 | D:10     | Found a staircase to the Orcish Mines.
 16418 | D:10     | Noticed a centaur warrior
 16445 | D:10     | Reached skill level 5 in Armour
 16459 | D:10     | Killed a centaur warrior
 16702 | D:10     | Found Lawn's Antique Weapon Boutique.
 16801 | D:10     | Reached skill level 5 in Stealth
 16920 | D:10     | Bought an ancient quarterstaff for 288 gold pieces
 16920 | D:10     | Identified the +9 quarterstaff of Dawn {holy, Str+3 Int+3}
                  | (You bought it in a shop on level 10 of the Dungeon)
 16979 | D:10     | Found Juttoab's Gadget Boutique.
 17168 | D:10     | Reached skill level 1 in Staves
 17230 | D:10     | Found Plog's Magic Scroll Shoppe.
 17236 | D:10     | Noticed a two-headed ogre
 17243 | D:10     | Killed a two-headed ogre
 17243 | D:10     | Reached skill level 2 in Staves
 17282 | D:10     | Found Arhoomm's General Store.
 17295 | D:10     | Found Enlyel's General Store.
 17299 | D:10     | Bought a scroll of teleportation for 39 gold pieces
 17412 | D:11     | Reached skill level 5 in Evocations
 17463 | D:11     | Reached skill level 3 in Staves
 17490 | D:11     | Found a flagged portal.
 17508 | Bailey   | Entered a bailey
 17857 | Bailey   | Found an iron altar of Okawaru.
 17857 | Bailey   | Noticed an orc sorcerer
 17883 | Bailey   | Killed an orc sorcerer
 17883 | Bailey   | Reached skill level 4 in Staves
 17883 | Bailey   | Reached XP level 12. HP: 70/88 MP: 20/20
 18282 | Bailey   | Reached skill level 5 in Staves
 19022 | Bailey   | Got a pitted trident
 19388 | Bailey   | Identified the +6 trident of Jiomepn {chaos, +Fly rElec
                  | Dex-3} (You found it in a bailey)
 19468 | D:11     | Reached skill level 6 in Staves
 19825 | D:11     | Reached skill level 7 in Staves
 19843 | D:11     | Noticed an unseen horror
 19862 | D:11     | Killed an unseen horror
 19874 | D:11     | Got a tattered robe
 20311 | D:11     | Found a transporter.
 20311 | D:11     | Noticed Pocketmage's ghost (journeyman GnSu)
 20313 | D:11     | Noticed a two-headed ogre
 20314 | D:11     | Found a transporter.
 20339 | D:11     | Reached skill level 8 in Staves
 20410 | D:11     | Found a blossoming altar of Fedhas.
 20750 | D:11     | Found a staircase to the Lair.
 20996 | D:12     | Noticed a death knight
 21117 | D:12     | Reached skill level 9 in Staves
 21217 | D:12     | Found a glowing silver altar of Zin.
 21628 | D:12     | Reached XP level 13. HP: 88/97 MP: 21/21
 22130 | D:12     | Noticed a six-headed hydra
 22187 | D:12     | HP: 4/98 [two-headed ogre/+0 giant club (18)]
 22187 | D:12     | Mangled by a two-headed ogre

Skill      XL: |  1  2  3  4  5  6  7  8  9 10 11 12 13 |
---------------+----------------------------------------+-----
Armour         | 2 3 5 6 |  6.9
Short Blades   | 2 3 4 5 6 7 8 |  8.5
Dodging        | 3 4 5 7 8 |  8.0
Fighting       | 2 4 5 6 7 |  7.8
Stealth        | 2 3 4 5 |  5.5
Evocations     | 4 5 |  5.0
Spellcasting   | 1 2 4 5 |  5.3
Translocations | 2 |  2.2
Fire Magic     | 1 2 |  2.0
Conjurations   | 3 4 |  4.3
Staves         | 4 9 |  9.8

Action                   |  1- 3 |  4- 6 |  7- 9 | 10-12 | 13-15 || total
-------------------------+-------+-------+-------+-------+-------++-------
Melee: Short sword       |   100 |    24 |   173 |    44 |       ||   341
       Dagger            |       |   133 |   456 |   673 |       ||  1262
       Quarterstaff      |       |       |       |   382 |    58 ||   440
       Rapier            |       |       |       |     5 |       ||     5
Throw: Javelin           |       |       |       |     3 |       ||     3
 Cast: Conjure Flame     |       |       |       |     2 |       ||     2
       Gell's Gravitas   |       |       |       |     1 |       ||     1
Evoke: Wand              |     4 |       |    28 |    11 |       ||    43
  Use: Potion            |       |     1 |     1 |     4 |       ||     6
       Scroll            |       |       |       |    21 |     3 ||    24
 Stab: Sleeping          |       |       |     6 |     4 |       ||    10
       Paralysed         |       |       |     2 |       |       ||     2
       Distracted        |       |       |     1 |     5 |       ||     6
  Eat: Chunk             |     2 |     6 |     9 |       |       ||    17
       Ration            |       |       |     4 |    11 |       ||    15
Armor: Leather armour    |    24 |    16 |    10 |       |       ||    50
       Robe              |       |       |    53 |    31 |       ||    84
       Ring mail         |       |       |       |   138 |    10 ||   148
Dodge: Dodged            |    65 |    78 |   331 |   551 |    36 ||  1061
